 Dungeon Crawl Stone Soup version 0.17-b1-15-g0f5fb43 (webtiles) character file.

5380 Hanyuu the Martial Artist (level 10, -8/69 HPs)
             Began as an Octopode Transmuter on Nov 4, 2015.
             Was a Believer of Sif Muna.
             Mangled by a troll (12 damage)
             ... on level 9 of the Dungeon.
             The game lasted 00:41:02 (12884 turns).

Hanyuu the Martial Artist (Octopode Transmuter)    Turns: 12884, Time: 00:41:02

Health: -8/69      AC:  2    Str: 13    XL:     10   Next: 66%
Magic:  17/19      EV: 27    Int: 18    God:    Sif Muna [**....]
Gold:   127        SH:  0    Dex: 18    Spells: 4 memorised, 12 levels left

rFire  . . .     SeeInvis .       - Unarmed
rCold  + . .     Clarity  .     (shield currently unavailable)
rNeg   . . .     SustAt   .     (helmet currently unavailable)
rPois  x         Gourm    .     (no amulet)
rElec  .         Spirit   .     i - ring of protection from cold
rCorr  .         Warding  .     u - +3 ring of strength
rMut   .         Stasis   .     l - +2 ring of evasion
MR     .....                    (no ring)
Stlth  ++........               (no ring)
                                (no ring)
                                (no ring)
                                (no ring)

@: spider-form, not resistant to hostile enchantments, unstealthy
A: almost no armour, amphibious, 8 rings, (constrict 8), (camouflage 0),
(gelatinous body 0)
a: End Transformation, Channel Energy, Forget Spell, Renounce Religion


You were on level 9 of the Dungeon.
You worshipped Sif Muna.
Sif Muna was pleased with you.
You were not hungry.
You were a venomous arachnid creature.
You visited 2 branches of the dungeon, and saw 11 of its levels.

You collected 336 gold pieces.
You spent 209 gold pieces at shops.

Inventory:

Hand Weapons
 a - a +3 blowgun
Missiles
 j - 13 poisoned needles
 r - 119 arrows
Jewellery
 i - a ring of protection from cold (left front leg)
 l - a +2 ring of evasion (on tentacle)
 u - a +3 ring of strength (right front leg)
Wands
 q - a wand of hasting (6)
 v - a wand of confusion (20)
 F - a wand of flame (38)
 G - a wand of invisibility (0)
 J - a wand of disintegration (12)
 K - a wand of confusion (23)
 L - a wand of lightning (6)
Scrolls
 n - 6 scrolls of teleportation
 o - 3 scrolls of immolation
 x - 2 scrolls of recharging
 A - a scroll of magic mapping
 B - a scroll of enchant armour {unknown}
 E - 6 scrolls of remove curse
 H - a scroll of fear {unknown}
Potions
 d - a potion of ambrosia
 e - a potion of mutation
 g - 2 potions of invisibility
 k - 3 potions of poison
 m - 4 potions of flight
 p - 4 potions of curing
 s - 2 potions of resistance
 t - 2 potions of degeneration
 I - a potion of might
Books
 b - a book of Changes

   Spells                             Type                      Level
   a - Beastly Appendage              Transmutation                1
   b - Sticks to Snakes               Transmutation                2
   c - Spider Form                    Transmutation/Poison         3
   d - Ice Form                       Ice/Transmutation            4
   e - Blade Hands                    Transmutation                5
 y - a book of Frost

   Spells                             Type                      Level
   a - Freeze                         Ice                          1
   b - Throw Frost                    Conjuration/Ice              2
   c - Ozocubu's Armour               Charms/Ice                   3
   d - Throw Icicle                   Conjuration/Ice              4
   e - Summon Ice Beast               Ice/Summoning                4
   f - Condensation Shield            Ice                          4
 C - a book of Hinderance

   Spells                             Type                      Level
   a - Confusing Touch                Hexes                        2
   b - Confuse                        Hexes                        3
   c - Gell's Gravitas                Hexes/Translocation          3
   d - Petrify                        Transmutation/Earth          4
   e - Metabolic Englaciation         Hexes/Ice                    5
Miscellaneous
 M - a crystal ball of energy
Comestibles
 c - 5 bread rations
 f - 3 slices of pizza
 h - 3 meat rations
 w - a royal jelly
 z - 2 chunks of flesh
 D - a beef jerky


   Skills:
 + Level 6.6 Fighting
 - Level 2.1 Throwing
 - Level 6.0 Dodging
 + Level 10.0 Unarmed Combat
 - Level 6.2 Spellcasting
 - Level 3.1 Charms
 + Level 4.0 Transmutations
 - Level 1.0 Poison Magic


You had 12 spell levels left.
You knew the following spells:

 Your Spells              Type           Power        Failure   Level  Hunger
a - Beastly Appendage     Trmt           ###...       8%          1    None
b - Sticks to Snakes      Trmt           ###.......   12%         2    None
c - Spider Form           Trmt/Pois      ##........   32%         3    ##.....
d - Ozocubu's Armour      Chrm/Ice       ##......     41%         3    ##.....


Dungeon Overview and Level Annotations

Branches:
Dungeon (10/15)            Temple (1/1) D:4            Lair (0/8) D:9
    Orc: D:9-12

Altars:
Ashenzari
Cheibriados
Elyvilon
Fedhas
Gozag
Kikubaaqudgha
Makhleb
Nemelex Xobeh
Okawaru
Qazlal
Ru
Sif Muna
Trog
Vehumet
Xom
Yredelemnul
Zin
The Shining One

Shops:
D:7 !

Annotations:
D:5 Menkaure
D:10 Josephine, Maurice


Innate Abilities, Weirdness & Mutations

You cannot wear most types of armour.
You are amphibious.
You can wear up to eight rings at the same time.
((You can use your tentacles to constrict eight enemies at once.))
((Your skin changes colour to match your surroundings (Stealth).))
((Your rubbery body absorbs attacks (AC +1).))


Message History

You turn into a venomous arachnid creature.
The troll misses you. The troll claws you.
* * * LOW HITPOINT WARNING * * *
The troll closely misses you.
Drink which item? (? for menu, Esc to quit)
Okay, then.
Your transformation is almost over.
The troll completely misses you. x3
Your transformation has ended.
Casting: Spider Form
Confirm with . or Enter, or press ? or * to list all spells.
You turn into a venomous arachnid creature.
The troll bites you.
* * * LOW HITPOINT WARNING * * *
The troll misses you. The troll completely misses you.
The troll looks more healthy.
You bite the troll!
The troll is almost dead.
The troll bites you!
You die...

............# #..#
#...# #.#
............# #..#
#...# #.#
............# #..#
#...# #.#
..........<.# #..#
#...# #.#
............# #..#
#...# #.#
.#######....#
#..####...# #.# .#
###.#[)# #.........#
#.# .# ###.....###
#T..###...# #.#
.###.........###s..#
#...# #.#
.##...P.......##...#
#...# #.#
...............#...#
#...# #.#
>.......>...[......#
#...# #.#
.#[................#
#...# #.#
.##...........##...#
#...# #.#
.###.........###...#
#...# #.# .#
###.....### #...#
#...# #.# .#
###.#..# #...# #...#
#.#


You could see a troll.

Vanquished Creatures
  Pikel (D:6)
  A troll (D:10)
  Grinder (D:4)
  A hippogriff (D:10)
  A hungry ghost (D:10)
  2 wargs (D:9)
  2 orc warriors
  4 ogres
  2 phantoms (D:8)
  A slave (D:6)
  2 sky beasts
  2 black bears
  A necrophage (D:8)
  3 ice beasts
  6 centaurs
  3 wights
  5 killer bees (D:9)
  3 scorpions
  2 jellies (D:10)
  The ghost of Hanyuu the Insei, a weakling OpTm (D:3)
  5 orc priests
  4 crimson imps
  A centaur zombie (D:6)
  2 giant frog skeletons
  A giant frog zombie (D:5)
  Crazy Yiuf (D:2)
  2 iguanas
  3 hounds
  5 worker ants
  14 orc wizards
  A hound zombie (D:10)
  2 hound skeletons
  Robin (D:4)
  A worker ant zombie (D:5)
  13 adders
  6 gnolls
  3 shadow imps
  5 oozes
  2 adder skeletons
  6 worms
  7 giant geckos
  34 orcs
  A ball python (D:4)
  11 bats
  3 giant cockroaches
  15 goblins
  8 hobgoblins
  10 jackals
  10 kobolds
  6 quokkas
  A ball python skeleton (D:4)
  A giant gecko zombie (D:7)
  6 giant newts
  A jackal skeleton (D:7)
  10 rats
  A plant (D:9)
247 creatures vanquished.

Vanquished Creatures (others)
  2 giant frogs (D:6)
  A crimson imp (D:6)
  A worker ant (D:6)
  An adder (D:6)
  A gnoll (D:6)
  A giant gecko (D:6)
  A giant newt (D:6)
8 creatures vanquished.

Grand Total: 255 creatures vanquished

Notes
Turn   | Place    | Note
--------------------------------------------------------------
     0 | D:1      | Hanyuu the Octopode Transmuter began the quest for the Orb.
     0 | D:1      | Reached XP level 1. HP: 13/13 MP: 3/3
   127 | D:1      | Reached XP level 2. HP: 15/18 MP: 5/5
   769 | D:1      | Reached skill level 4 in Unarmed Combat
   809 | D:1      | Learned a level 2 spell: Sticks to Snakes
  1017 | D:1      | Reached XP level 3. HP: 23/23 MP: 4/6
  1026 | D:1      | Learned a level 3 spell: Spider Form
  1383 | D:2      | Reached skill level 1 in Poison Magic
  1782 | D:2      | Reached XP level 4. HP: 23/28 MP: 5/7
  2031 | D:2      | Noticed Crazy Yiuf
  2039 | D:2      | Killed Crazy Yiuf
  2425 | D:3      | Reached XP level 5. HP: 24/34 MP: 8/8
  2698 | D:3      | Noticed Hanyuu's ghost (weakling OpTm)
  2787 | D:3      | Killed Hanyuu's ghost
  2787 | D:3      | Reached skill level 5 in Unarmed Combat
  2933 | D:3      | Found a sacrificial altar of Ru.
  3515 | D:3      | Reached XP level 6. HP: 33/39 MP: 9/9
  4010 | D:4      | Noticed Robin
  4038 | D:4      | Killed Robin
  4055 | D:4      | Noticed Grinder
  4383 | D:4      | Reached skill level 6 in Unarmed Combat
  4383 | D:4      | Reached XP level 7. HP: 38/45 MP: 3/10
  4536 | D:4      | Found a staircase to the Ecumenical Temple.
  4831 | Temple   | Entered the Ecumenical Temple
  5146 | Temple   | Became a worshipper of Sif Muna the Loreminder
  5698 | D:4      | Paralysed by Grinder for 5 turns
  5708 | D:4      | Killed Grinder
  5919 | D:5      | Entered Level 5 of the Dungeon
  5919 | D:5      | Found a snail-covered altar of Cheibriados.
  5965 | D:4      | Reached XP level 8. HP: 30/52 MP: 2/11
  6117 | D:5      | Found a glowing silver altar of Zin.
  6154 | D:5      | Reached skill level 7 in Unarmed Combat
  6907 | D:5      | Noticed Menkaure
  7327 | D:6      | Reached skill level 5 in Fighting
  7327 | D:6      | Reached XP level 9. HP: 59/61 MP: 15/15
  7351 | D:6      | Noticed Pikel
  7357 | D:6      | Reached skill level 8 in Unarmed Combat
  7379 | D:6      | Killed Pikel
  7379 | D:6      | Reached * piety under Sif Muna
  7818 | D:6      | Reached skill level 5 in Spellcasting
  8107 | D:6      | Learned a level 3 spell: Ozocubu's Armour
  8315 | D:6      | Found a blossoming altar of Fedhas.
  8713 | D:7      | Reached skill level 1 in Charms
  9088 | D:7      | Found Vext's Distillery.
  9093 | D:7      | Bought a potion of heal wounds for 55 gold pieces
  9093 | D:7      | Bought a potion of might for 44 gold pieces
  9093 | D:7      | Bought a potion of heal wounds for 55 gold pieces
  9093 | D:7      | Bought a potion of heal wounds for 55 gold pieces
  9296 | D:7      | Found a bloodstained altar of Trog.
  9308 | D:7      | Found a radiant altar of Vehumet.
  9454 | D:8      | Reached skill level 5 in Dodging
  9461 | D:8      | Reached skill level 9 in Unarmed Combat
  9846 | D:8      | Reached XP level 10. HP: 54/68 MP: 15/17
 10725 | D:9      | Reached ** piety under Sif Muna
 11329 | D:9      | Found a staircase to the Lair.
 11341 | D:9      | Reached skill level 1 in Throwing
 11914 | D:10     | Entered Level 10 of the Dungeon
 11994 | D:10     | Noticed Maurice
 12613 | D:10     | Reached skill level 10 in Unarmed Combat
 12711 | D:10     | Noticed Josephine
 12876 | D:9      | HP: 3/69 [troll (6)]
 12884 | D:9      | Mangled by a troll

Action                   |  1- 3 |  4- 6 |  7- 9 | 10-12 || total
-------------------------+-------+-------+-------+-------++-------
Melee: Unarmed           |    84 |   160 |   291 |   199 ||   734
 Fire: Blowgun           |       |    17 |    18 |    27 ||    62
 Cast: Beastly Appendage |     8 |     6 |       |     3 ||    17
       Spider Form       |       |    11 |    26 |    19 ||    56
       Sticks to Snakes  |       |     1 |     3 |     2 ||     6
       Ozocubu's Armour  |       |       |       |     1 ||     1
 Abil: End Transformatio |       |       |       |     2 ||     2
Evoke: Wand              |       |       |     2 |     1 ||     3
  Use: Scroll            |       |     6 |    14 |       ||    20
       Potion            |       |     1 |     3 |       ||     4
 Stab: Sleeping          |     6 |    11 |     6 |     4 ||    27
       Paralysed         |       |     2 |       |       ||     2
  Eat: Chunk             |     3 |    10 |    15 |     3 ||    31
       Meat ration       |       |       |     1 |       ||     1
       Fruit             |       |       |       |     4 ||     4
       Bread ration      |       |       |       |     1 ||     1
       Beef jerky        |       |       |       |     1 ||     1
